 Dungeon Crawl Stone Soup version 0.26.0-91-g99b343417d (webtiles) character file.

Game seed: 11052153496069713154

18 Gadfly the Sneak (level 2, -1/27 HPs)
             Began as a Palentonga Delver on Feb 4, 2021.
             Slain by a phantom (6 damage)
             ... on level 2 of the Dungeon.
             The game lasted 00:01:20 (528 turns).

Gadfly the Sneak (Palentonga Delver)                 Turns: 528, Time: 00:01:21

Health: -1/27      AC:  4    Str: 15    XL:     2   Next: 51%
Magic:  2/2        EV:  9    Int: 10    God:
Gold:   0          SH:  0    Dex: 11    Spells: 1/1 levels left

rFire    . . .     SeeInvis +   a - +0 falchion
rCold    . . .     Faith    .   (no shield)
rNeg     . . .     Spirit   .   b - +0 leather armour
rPois    .         Reflect  .   (no helmet)
rElec    .         Harm     .   (no cloak)
rCorr    .         Rampage  .   (no gloves)
Will     .....                  (no barding)
Stlth    ++........             (no amulet)
HPRegen  0.09/turn              (no ring)
MPRegen  0.08/turn              (no ring)

@: no status effects
A: large, rugged brown scales 3, see invisible, deformed body, roll 1, armoured
tail
a: Rolling Charge


You were on level 2 of the Dungeon.
You visited 1 branch of the dungeon, and saw 5 of its levels.

Inventory:

Hand Weapons
 a - a +0 falchion (weapon)
Armour
 b - a +0 leather armour (worn)
 h - a cursed +0 cloak
Jewellery
 e - an uncursed ring of ice {unknown}
Wands
 g - a wand of digging (3)
Scrolls
 c - a scroll of fog
 d - a scroll of magic mapping
Potions
 f - a potion of haste


   Skills:
 + Level 3.0 Fighting
 * Level 2.3 Long Blades
 * Level 0.7 Armour
 + Level 1.7 Dodging
 - Level 3.3 Stealth
 * Level 0.7 Evocations


You had one spell level left.
You didn't know any spells.
Your spell library was empty.

Dungeon Overview and Level Annotations

Branches:
Dungeon (5/15)
 Temple: D:4-7

Altars:

Annotations:
D:4 Menkaure


Innate Abilities, Weirdness & Mutations

You are completely covered in rugged brown scales. (AC +3, +7% HP)
You have supernaturally acute eyesight. (SInv)
Armour fits poorly on your strangely shaped body.
You can roll at nearby foes to attack.
You have a long armoured tail.


Message History

The hobgoblin hits you but does no damage.
The phantom blinks!
The dart slug launches a dart at you. The slug dart misses you.
You barely miss the hobgoblin.
Your tail-slap misses the hobgoblin.
The hobgoblin is severely wounded.
The hobgoblin hits you but does no damage.
You hit the hobgoblin.
You kill the hobgoblin!
The dart slug bites you but does no damage.
Unknown command.
There is a stone staircase leading up here.
Things that are here:
a +0 club; a hobgoblin corpse You hit the phantom.
The phantom is lightly damaged.
The dart slug bites you.
* * * LOW HITPOINT WARNING * * *
The phantom hits you.
You die...

......#####.#### ##
......'........##..
......#####w##.....
...... #.##..#..
...... #.##..#
...... ###.#...#
#.......#
##.......#
.........@.#
..........wW#
..................$
.....##.##......###
............(...#
#######[..........
####......###
#......# #..[...#


You could see a phantom and a dart slug.

Vanquished Creatures
  A dart slug (D:2)
  A leopard gecko (D:1)
  An orc (D:4)
  A bat (D:2)
  2 goblins
  2 hobgoblins (D:2)
  4 kobolds (D:2)
  A rat (D:2)
13 creatures vanquished.

Notes
Turn   | Place    | Note
-------+----------+-------------------------------------------
     0 | D:5      | Gadfly the Palentonga Delver began the quest for the Orb.
     0 | D:5      | Reached XP level 1. HP: 20/20 MP: 1/1
    33 | D:5      | Noticed an ogre
    45 | D:4      | Noticed Menkaure
   171 | D:2      | Reached XP level 2. HP: 16/27 MP: 2/2
   523 | D:2      | Noticed a phantom
   528 | D:2      | Slain by a phantom

Illustrated notes

Levels and vault maps discovered:
D:1:      dpeg_arrival_three_smaller_balls, layout_rooms, minmay_pentomino_u2
D:2:      minmay_door_path, layout_basic, uniq_jessica
D:3:      layout_loops_ring, nicolae_dithmenos_shadow_blocks, minitemple,
          gup_sewer_entry_pipe, minmay_quadrilaterals, uniq_purgy, uniq_ijyb
D:4:      layout_cave_pools, cheibriados_altar_1, serial_column_ruins,
          column_ruins_circle_medium, column_ruins_grid_2,
          column_ruins_open_tiny, column_ruins_grid_1, uniq_robin, uniq_menkaure
D:5:      kennysheep_windowed_halls, layout_basic, kennysheep_mini, basic_altar

Action                   || total
-------------------------++-------
Melee: Falchion          ||    29
       Tailslap          ||     5
 Abil: Rolling Charge    ||     3
  Use: Scroll            ||     2
 Stab: Sleeping          ||     1
Armor: Leather armour    ||     7
Dodge: Dodged            ||    12
       Rpst.: Falchion   ||     5
